 Dungeon Crawl Stone Soup version 0.16-a0-3909-g31f9ca0 (webtiles) character file.

75335 Ololoev the Prestidigitator (level 15, -4/103 HPs)
             Began as a Halfling Hunter on Feb 2, 2015.
             Was the Champion of Okawaru.
             Slain by an ettin
             ... wielding a +1 dire flail of protection
              (33 damage)
             ... on level 15 of the Dungeon on Feb 3, 2015.
             The game lasted 02:07:14 (28813 turns).

Ololoev the Prestidigitator (Halfling Hunter)      Turns: 28813, Time: 02:07:15

Health: -4/103     AC: 18    Str: 14    XL:     15   Next: 97%
Magic:  0/31       EV: 18    Int: 16    God:    Okawaru [******]
Gold:   2735       SH:  8    Dex: 25    Spells: 3 memorised, 5 levels left

rFire  + . .     SeeInvis +     a - +10 rapier of Cenuucib {elec, rF++ rC- Dex+3 SInv}
rCold  + + .     Clarity  .     i - +8 chain mail {rC+}
rNeg   + + .     SustAb   .     A - +0 buckler
rPois  +         Gourm    .     y - +2 hat of the Bear Spirit {Spirit, +Rage rN+ MR++}
rElec  .         Spirit   +     o - +0 cloak
rCorr  .         Warding  .     r - +2 pair of gloves of Valiance {Regen+ Str-4 Int+3 Dex+4}
rMut   .         Stasis   .     z - +0 pair of boots
MR     +++..                    J - amulet of faith
Stlth  ..........               Q - ring of the Octopus King {rC+ AC+1 EV+1 Str+1 Int+1 Dex+1}
                                x - ring "Skaipsim" {Ice rPois+ rN+ Int+2}

@: corroded equipment, extremely resistant to hostile enchantments, extremely
unstealthy
A: thin metallic scales 1, deformed body, mutation resistance 2, spit poison 1
a: Spit Poison, Heroism, Finesse, Renounce Religion, Evoke Berserk Rage


You were on level 15 of the Dungeon.
You worshipped Okawaru.
Okawaru was exalted by your worship.
You were full.

You visited 4 branches of the dungeon, and saw 25 of its levels.
You also visited: Sewer, Ossuary and Ice Cave.

You collected 2809 gold pieces.
You spent 34 gold pieces at shops.

Notes
Turn   | Place    | Note
--------------------------------------------------------------
     0 | D:1      | Ololoev, the Halfling Hunter, began the quest for the Orb.
     0 | D:1      | Reached XP level 1. HP: 14/14 MP: 1/1
   159 | D:1      | Reached skill level 1 in Short Blades
   186 | D:1      | Reached skill level 1 in Armour
   186 | D:1      | Reached XP level 2. HP: 16/19 MP: 2/2
   616 | D:2      | Reached XP level 3. HP: 22/24 MP: 3/3
   654 | D:2      | Reached skill level 6 in Slings
   872 | D:2      | Reached XP level 4. HP: 29/29 MP: 4/4
   902 | D:2      | Found an ancient bone altar of Kikubaaqudgha.
   980 | D:2      | Found a radiant altar of Vehumet.
  1127 | D:2      | Found a basalt altar of Yredelemnul.
  1788 | D:2      | Reached XP level 5. HP: 22/34 MP: 5/5
  1988 | D:3      | Noticed Sigmund
  2720 | D:3      | Found a shadowy altar of Dithmenos.
  2820 | D:3      | Reached XP level 6. HP: 36/39 MP: 6/6
  3183 | D:3      | Noticed an ogre
  3201 | D:3      | Noticed Robin
  3339 | D:2      | Killed Robin
  3502 | D:3      | Killed Sigmund
  3502 | D:3      | Reached skill level 5 in Short Blades
  3687 | D:4      | Reached skill level 7 in Slings
  3798 | D:4      | Reached XP level 7. HP: 44/44 MP: 7/7
  4553 | D:4      | Reached skill level 1 in Shields
  5066 | D:5      | Entered Level 5 of the Dungeon
  5100 | D:5      | Found a white marble altar of Elyvilon.
  5112 | D:5      | Found a stormy altar of Qazlal.
  5168 | D:5      | Reached XP level 8. HP: 16/49 MP: 2/8
  5238 | D:5      | Found a glowing drain.
  5315 | Sewer    | Entered a sewer
  5618 | D:5      | Found a sand-covered staircase.
  5623 | Ossuary  | Entered an ossuary
  5690 | Ossuary  | Reached skill level 8 in Short Blades
  6042 | Ossuary  | Reached skill level 9 in Short Blades
  6904 | D:6      | Identified a +1 rod of the swarm (12/12) (You found it on level 6 of the Dungeon)
  6931 | D:6      | Found a glowing silver altar of Zin.
  6992 | D:6      | Found a staircase to the Ecumenical Temple.
  7000 | Temple   | Entered the Ecumenical Temple
  7034 | Temple   | Became a worshipper of Warmaster Okawaru
  7187 | D:6      | Reached skill level 10 in Short Blades
  7187 | D:6      | Reached skill level 1 in Evocations
  7535 | D:6      | Reached XP level 9. HP: 49/54 MP: 11/11
  7553 | D:6      | Found a burning altar of Makhleb.
  7563 | D:6      | Found a sacrificial altar of Ru.
  8198 | D:7      | Acquired Okawaru's first power
  8198 | D:7      | Reached skill level 5 in Evocations
  8857 | D:8      | Reached skill level 11 in Short Blades
  8984 | D:8      | Found a shimmering altar of Xom.
  9708 | D:8      | Reached XP level 10. HP: 60/60 MP: 18/20
  9990 | D:9      | Found an iron altar of Okawaru.
 10264 | D:9      | Reached skill level 12 in Short Blades
 10324 | D:9      | Found a bloodstained altar of Trog.
 10578 | D:9      | Found a staircase to the Lair.
 10732 | D:9      | Found a shattered altar of Ashenzari.
 10767 | D:9      | Upgraded the game from 0.16-a0-3884-g0a5f664 to 0.16-a0-3909-g31f9ca0
 11068 | D:9      | Reached skill level 10 in Evocations
 11185 | D:10     | Entered Level 10 of the Dungeon
 11630 | D:10     | Reached XP level 11. HP: 64/64 MP: 24/24
 11792 | D:10     | Found a staircase to the Orcish Mines.
 11933 | D:10     | Noticed a hill giant
 11947 | D:10     | Reached skill level 5 in Armour
 11949 | D:10     | Killed a hill giant
 11949 | D:10     | Acquired Okawaru's second power
 12199 | D:10     | Received a gift from Okawaru
 12955 | D:11     | Received a gift from Okawaru
 13190 | D:11     | Identified a scroll of acquirement
 13194 | D:11     | Got a translucent helmet
 13205 | D:11     | Identified the -4 helmet "Schawkoo" {Str+9} (You acquired it on level 11 of the Dungeon)
 13384 | D:11     | Reached skill level 5 in Dodging
 13627 | D:11     | Noticed a hill giant
 13660 | D:11     | Killed a hill giant
 13960 | D:11     | Reached XP level 12. HP: 71/75 MP: 24/26
 14413 | D:12     | Noticed a seven-headed hydra
 14436 | D:12     | Killed a seven-headed hydra
 14580 | D:12     | Reached skill level 5 in Fighting
 14785 | D:12     | You fall through a shaft!
 15041 | D:13     | Noticed a centaur warrior
 15061 | D:13     | Killed a centaur warrior
 15247 | D:13     | Received a gift from Okawaru
 15255 | D:13     | Gained mutation: You are partially covered in thin metallic scales (AC +2). [mutagenic meat]
 15489 | D:13     | Noticed an ogre mage
 15498 | D:13     | Found a gate to the Vaults.
 15504 | D:13     | Killed an ogre mage
 15619 | D:13     | Found Arenuoh's Assorted Antiques.
 15630 | D:13     | Bought a scroll labeled ULLAZES STRITUP for 34 gold pieces
 15680 | D:13     | Received a gift from Okawaru
 15789 | D:13     | Noticed a centaur warrior
 15800 | D:13     | Killed a centaur warrior
 15800 | D:13     | Received a gift from Okawaru
 16553 | D:13     | Received a gift from Okawaru
 16573 | D:13     | Got a ring of the Octopus King
 16575 | D:13     | Identified a ring of the Octopus King {rC+ AC+1 EV+1 Str+1 Int+1 Dex+1} (You found it on level 13 of the Dungeon)
 16775 | D:14     | Noticed a centaur warrior
 16930 | Lair:1   | Entered Level 1 of the Lair of Beasts
 17109 | Lair:1   | Reached XP level 13. HP: 82/84 MP: 28/28
 17433 | Lair:1   | Got a fine chain mail
 17444 | Lair:1   | Identified the -7 chain mail "Intaneru" {Str+3 Dex+2 Slay+2} (You found it on level 1 of the Lair of Beasts)
 17586 | Lair:1   | Received a gift from Okawaru
 17587 | Lair:1   | Got a pitted rapier {god gift}
 17588 | Lair:1   | Identified the +10 rapier of Cenuucib {elec, rF++ rC- Dex+3 SInv} (Okawaru gifted it to you on level 1 of the Lair of Beasts)
 19219 | Lair:3   | Reached skill level 13 in Evocations
 19994 | Lair:4   | Gained mutation: You expend magic power (3 MP) to slightly strengthen your wands. [potion of mutation]
 19994 | Lair:4   | Gained mutation: You can spit poison. [potion of mutation]
 20152 | Lair:4   | Found a staircase to the Swamp.
 20526 | Lair:4   | Learned a level 3 spell: Flight
 21128 | Lair:5   | Received a gift from Okawaru
 21134 | Lair:5   | Found a frozen archway.
 21259 | IceCv    | Entered an ice cave
 21293 | IceCv    | Reached skill level 10 in Armour
 21296 | IceCv    | Received a gift from Okawaru
 21506 | IceCv    | Lost mutation: You expend magic power (3 MP) to slightly strengthen your wands. [helix card]
 21604 | IceCv    | Got a heavily runed platinum ring
 21606 | IceCv    | Got a flickering ruby amulet
 21663 | IceCv    | Identified the amulet "Ahuanigo" {Ward +Fly rC+ rN+ Dex+6 Slay-5} (You found it in an ice cave)
 21668 | IceCv    | Identified the ring "Skaipsim" {Ice rPois+ rN+ Int+2} (You found it in an ice cave)
 22278 | Lair:5   | Noticed Erica
 22292 | Lair:5   | Killed Erica
 22292 | Lair:5   | Received a gift from Okawaru
 22801 | Lair:6   | Reached XP level 14. HP: 93/93 MP: 5/29
 23004 | Lair:6   | Found a hole to the Spider Nest.
 23447 | Lair:7   | Reached skill level 5 in Shields
 24106 | Lair:7   | Reached skill level 1 in Invocations
 24327 | Lair:8   | Entered Level 8 of the Lair of Beasts
 24484 | Lair:8   | Reached skill level 10 in Dodging
 24494 | Lair:8   | Reached skill level 14 in Short Blades
 25008 | Lair:8   | Received a gift from Okawaru
 25025 | Lair:8   | Got a pair of jewelled gloves {god gift}
 25033 | Lair:8   | Got a shimmering lajatang
 25044 | Lair:8   | Identified the +2 pair of gloves of Valiance {Regen+ Str-4 Int+3 Dex+4} (Okawaru gifted it to you on level 8 of the Lair of Beasts)
 25050 | Lair:8   | Identified the +3 lajatang of Lexaja {elec, rC+ MR+ Str+3 Int+4 Stlth+} (You found it on level 8 of the Lair of Beasts)
 25116 | Lair:8   | Found a staircase to the Slime Pits.
 25580 | Lair:8   | Reached skill level 5 in Invocations
 25688 | Lair:8   | Reached XP level 15. HP: 83/100 MP: 26/31
 26674 | D:14     | Killed a centaur warrior
 26683 | D:14     | Reached skill level 1 in Long Blades
 26689 | D:14     | Received a gift from Okawaru
 27176 | D:14     | Noticed a centaur warrior
 27192 | D:14     | Killed a centaur warrior
 27286 | D:14     | Noticed a centaur warrior
 27295 | D:14     | Killed a centaur warrior
 27415 | D:14     | Noticed Roxanne
 27467 | D:14     | Killed Roxanne
 27481 | D:14     | Identified Roxanne's Volume of Dusty Transmutation (You took it off Roxanne on level 14 of the Dungeon)
 27629 | D:14     | Noticed Louise
 27655 | D:14     | Killed Louise
 27757 | D:15     | Entered Level 15 of the Dungeon
 28010 | D:15     | Found a blossoming altar of Fedhas.
 28095 | D:15     | Learned a level 4 spell: Control Teleport
 28327 | D:15     | Received a gift from Okawaru
 28375 | D:15     | Learned a level 2 spell: Swiftness
 28448 | D:15     | Received a gift from Okawaru
 28448 | D:15     | Reached skill level 1 in Translocations
 28458 | D:15     | Gained mutation: You are frail (-10% HP). [mutagenic meat]
 28461 | D:15     | Lost mutation: You are frail (-10% HP). [mutagenic meat]
 28462 | D:15     | Gained mutation: You are somewhat resistant to both further mutation and mutation removal. [mutagenic meat]
 28463 | D:15     | Gained mutation: Armour fits poorly on your strangely shaped body. [mutagenic meat]
 28531 | D:15     | Reached skill level 1 in Charms
 28550 | D:15     | Found a staircase to the Depths.
 28657 | Depths:1 | Entered Level 1 of the Depths
 28813 | D:15     | Slain by an ettin

Inventory:

Hand weapons
 a - the +10 rapier of Cenuucib (weapon) {elec, rF++ rC- Dex+3 SInv}
   (Okawaru gifted it to you on level 1 of the Lair of Beasts)

   Occasionally, upon striking a foe, it will discharge some electrical energy
   and cause terrible harm.
   It affects your dexterity (+3).
   It greatly protects you from fire.
   It makes you vulnerable to cold.
   It enhances your eyesight.
 w - a +0 falchion
Armour
 i - a +8 chain mail of cold resistance (worn)
 o - a +0 cloak (worn)
 r - the +2 pair of gloves of Valiance (worn) {Regen+ Str-4 Int+3 Dex+4}
   (Okawaru gifted it to you on level 8 of the Lair of Beasts)

   It affects your strength (-4).
   It affects your intelligence (+3).
   It affects your dexterity (+4).
   It increases your rate of regeneration.
 y - the +2 hat of the Bear Spirit (worn) {Spirit, +Rage rN+ MR++}
   (You found it on level 8 of the Lair of Beasts)

   It protects you from negative energy.
   It affects your resistance to hostile enchantments.
   It lets you go berserk.
 z - a +0 pair of boots (worn)
 A - a +0 buckler (worn)
Rods
 b - a +1 rod of the swarm (12/12)
   (You found it on level 6 of the Dungeon)
Jewellery
 n - an uncursed ring of wizardry
 x - the ring "Skaipsim" (left hand) {Ice rPois+ rN+ Int+2}
   (You found it in an ice cave)

   [ring of ice]

   It enhances your ice magic, and weakens your fire magic.
   It affects your intelligence (+2).
   It makes you vulnerable to fire.
   It protects you from cold.
   It protects you from poison.
   It protects you from negative energy.
 J - an amulet of faith (around neck)
 Q - a ring of the Octopus King (right hand) {rC+ AC+1 EV+1 Str+1 Int+1 Dex+1}
   (You found it on level 13 of the Dungeon)

   [ring of protection from cold]

   It affects your AC (+1).
   It affects your evasion (+1).
   It affects your strength (+1).
   It affects your intelligence (+1).
   It affects your dexterity (+1).
   It protects you from cold.
Magical devices
 f - a wand of fire (11)
 k - a wand of fire (0)
 s - a wand of digging (0)
 v - a wand of fireball (0)
 O - a wand of draining (3)
 R - a wand of cold (7)
 U - a wand of teleportation (7)
 W - a wand of lightning (8)
 X - a wand of enslavement (10)
Scrolls
 c - 5 scrolls of identify
 d - 2 scrolls of enchant weapon
 e - 2 scrolls of immolation
 j - 3 scrolls of magic mapping
 t - 5 scrolls of recharging
 C - 10 scrolls of remove curse
 D - a scroll of fear
 E - 10 scrolls of teleportation
 H - 2 scrolls of brand weapon
 T - 2 scrolls of silence
Potions
 h - 5 potions of heal wounds
 l - 5 potions of magic
 m - 12 potions of curing
 p - 8 potions of restore abilities
 u - 3 potions of resistance
 B - 4 potions of invisibility
 K - 4 potions of might
 L - a potion of haste
 P - a potion of cancellation
Books
 G - a book of the Warp

   Spells                             Type                      Level
   a - Recall                         Summoning/Translocation      3
   b - Control Teleport               Charms/Translocation         4
   c - Force Lance                    Conjuration/Translocation    4
   d - Phase Shift                    Translocation                5
   e - Warp Weapon                    Charms/Translocation         5
   f - Summon Forest                  Summoning/Translocation      5
   g - Gell's Gravitas                Hexes/Translocation          6
Miscellaneous
 M - an ornate deck of changes {the Helm, drawn: 1}
 N - a stone of tremors
 S - a phial of floods
Comestibles
 g - 5 chunks of flesh
 q - 8 beef jerkies
 F - 6 meat rations
 I - 14 bread rations
 Z - a slice of pizza

Table legend:
 A = Turns spent in this place as a percentage of turns spent in the entire game.
 B = Non-inter-level travel turns spent in this place as a percentage of non-inter-level travel turns spent in the entire game.
 C = Inter-level travel turns spent in this place as a percentage of turns spent in this place.
 D = Turns resting spent in this place as a percentage of non-inter-level travel turns spent in this place.
 E = Turns spent auto-exploring this place as a percentage of non-inter-level travel turns spent in this place.
 F = Non-inter-level travel turns spent in this place divided by the number of levels of this place that you've seen.
                   A       B       C       D       E      F
               +-------+-------+-------+-------+-------+----------------------
         Total | 100.0 | 100.0 |   0.5 |   2.2 |   6.5 | 421.9
       Dungeon |  64.7 |  64.7 |   0.5 |   2.8 |   6.4 | 509.3
        Temple |   0.1 |   0.1 |   6.2 |   0.0 |  33.3 |  15.0
          Lair |  24.8 |  24.7 |   0.6 |   0.8 |   9.2 | 365.4
        Depths |   0.1 |   0.1 |   0.0 |   0.0 |   0.0 |  14.0
         Sewer |   2.1 |   2.1 |   0.0 |   0.0 |   0.0 | 252.0
       Ossuary |   5.7 |   5.7 |   0.0 |   1.2 |   0.4 | 672.0
      Ice Cave |   2.5 |   2.5 |   0.0 |   5.1 |   0.7 | 297.0
               +-------+-------+-------+-------+-------+----------------------


   Skills:
 + Level 9.7 Fighting
 - Level 14.1(14.6) Short Blades
 + Level 4.9(8.8) Long Blades
   Level 7.2 Slings
 + Level 12.0 Armour
 + Level 11.3 Dodging
 - Level 1.1 Stealth
 - Level 5.0 Shields
 + Level 1.8 Charms
 + Level 1.9 Translocations
 - Level 6.0 Invocations
 + Level 14.7 Evocations


You had 5 spell levels left.
You knew the following spells:

 Your Spells              Type           Power        Failure   Level  Hunger
a - Flight                Chrm/Air       #.........   100%        3    ####...
b - Control Teleport      Chrm/Tloc      #.........   100%        4    #####..
c - Swiftness             Chrm/Air       #.......     100%        2    ###....


Dungeon Overview and Level Annotations

Branches:
Dungeon (15/15)            Temple (1/1) D:6            Lair (8/8) D:9
  Swamp (0/5) Lair:4       Spider (0/5) Lair:6        Slime (0/6) Lair:8
    Orc (0/4) D:10         Vaults (0/5) D:13         Depths (1/5) D:15

Altars:
Ashenzari
Cheibriados
Dithmenos
Elyvilon
Fedhas
Gozag
Kikubaaqudgha
Makhleb
Nemelex Xobeh
Okawaru
Qazlal
Ru
Sif Muna
Trog
Vehumet
Xom
Yredelemnul
Zin
The Shining One

Shops:
D:13 *


Innate Abilities, Weirdness & Mutations

You are small and have problems with some larger weapons.
You are somewhat resistant to both further mutation and mutation removal.
You are partially covered in thin metallic scales (AC +2).
Armour fits poorly on your strangely shaped body.
You can spit poison.


Message History

You hit the deep troll shaman.
There is a sudden explosion of sparks!
The deep troll shaman is heavily wounded.
You hit the deep troll shaman.
The deep troll shaman is heavily wounded.
You block the deep troll shaman's attack.
The deep troll shaman claws you.
You block the deep troll shaman's attack.
You hit the deep troll shaman.
The deep troll shaman is heavily wounded.
The deep troll shaman bites you!
The deep troll shaman claws you but does no damage. x2
You see here a catoblepas corpse.
The deep troll shaman closely misses you.
The deep troll shaman claws you.
The deep troll shaman claws you but does no damage.
Evoke which item? (* to show all) (? for menu, Esc to quit)
Zapping:
k - a wand of fire (2)
Press: ? - help, Shift-Dir - straight line, f - deep troll shaman
Aim: a deep troll shaman (heavily wounded)
The bolt of fire hits the ettin.
The ettin is heavily wounded.
The bolt of fire hits the deep troll shaman.
The deep troll shaman is almost dead.
This wand has 1 charge left.
The deep troll shaman prays to its god.
The deep troll shaman is healed somewhat.
The ettin hits you with a dire flail of protection!
The ettin hits you with a dire flail!
Evoke which item? (* to show all) (? for menu, Esc to quit)
Zapping:
k - a wand of fire (1)
Press: ? - help, Shift-Dir - straight line, f/p - deep troll shaman
Aim: a deep troll shaman (severely wounded)
The bolt of fire hits the ettin.
The ettin is almost dead.
The bolt of fire hits the deep troll shaman.
You kill the deep troll shaman!
Okawaru accepts your kill.
This wand has 0 charges left.
The ettin hits you with a dire flail of protection!!!
You die...

...............#......#..#...#.#.
....(..........#......#..#...#.#.
...............#)####'#..#...'.#.
#........................#...#.#.
#............[...........#####.#.
#.........#######..............##
#........##.....##...#########...
#[...#####.......##..# #...
....##.÷÷..#####@>#..# #...
...##...##.....C[##..# #...
..##..8.###..††u##...#########...
..#......########................
........................#####....
........................# #....
........................# #....
........................# #....
........................# #...<


You could see a brown ugly thing and an ettin.

Table legend:
 A = Kills in this place as a percentage of kills in entire the game.
 B = Kills by you in this place as a percentage of kills by you in the entire game.
 C = Kills by friends in this place as a percentage of kills by friends in the entire game.
 D = Other kills in this place as a percentage of other kills in the entire game.
 E = Experience gained in this place as a percentage of experience gained in the entire game.
 F = Experience gained in this place divided by the number of levels of this place that you have seen.
                   A       B       C       D       E      F
               +-------+-------+-------+-------+-------+----------------------
         Total | 100.0 | 100.0 | 100.0 |  -nan | 100.0 | 3843.6
       Dungeon |  58.2 |  55.2 | 100.0 |  -nan |  49.1 | 3524.8
          Lair |  34.2 |  36.6 |   0.0 |  -nan |  44.4 | 5977.5
        Depths |   0.1 |   0.1 |   0.0 |  -nan |   1.0 | 1038.0
         Sewer |   1.5 |   1.7 |   0.0 |  -nan |   0.1 |  54.0
       Ossuary |   3.9 |   4.1 |   0.0 |  -nan |   0.5 | 500.0
      Ice Cave |   2.1 |   2.2 |   0.0 |  -nan |   5.0 | 5338.0
               +-------+-------+-------+-------+-------+----------------------

Vanquished Creatures
  Louise (D:14)
  A rakshasa (Depths:1)
  4 ice dragons
  2 hydras
  3 centaur warriors (D:14)
  Erica (Lair:5)
  2 deep troll shamans (D:15)
  2 tengu warriors (D:15)
  A catoblepas (D:15)
  An unseen horror (D:15)
  2 ice statues (IceCv)
  6 ugly things
  2 hill giants
  3 griffons
  A cyclops (D:14)
  An orc knight (D:14)
  17 elephants (Lair:8)
  A manticore (D:12)
  7 black mambas
  A queen ant (Lair:2)
  9 spiny frogs
  A gargoyle (D:13)
  An efreet (D:15)
  3 fire drakes
  4 komodo dragons
  A yaktaur (D:15)
  7 trolls
  9 polar bears
  A spriggan druid (Lair:8)
  2 two-headed ogres
  A boulder beetle (Lair:8)
  9 slime creatures
  8 blink frogs
  A trapdoor spider zombie (D:11)
  A raven (D:15)
  10 spriggans (Lair:8)
  3 redbacks (Lair:8)
  A trapdoor spider (shapeshifter) (D:15)
  A centaur simulacrum (D:15)
  3 deep elf magi
  3 wyverns
  43 yaks
  3 hungry ghosts
  A steam dragon (Lair:8)
  2 wraiths
  4 vampire mosquitoes
  A vampire (D:13)
  22 wolves (Lair:8)
  10 hippogriffs
  3 wargs (D:10)
  5 soldier ants (Lair:2)
  11 porcupines
  4 sky beasts
  4 phantoms
  6 orc warriors
  6 black bears
  23 ice beasts
  4 eyes of draining
  7 water moccasins
  3 ogres
  2 boring beetles
  13 crocodiles
  11 centaurs
  3 wasps (Lair:8)
  Sigmund (D:3)
  A necrophage (D:13)
  2 big kobolds
  17 giant frogs
  3 elf zombies (Ossuary)
  4 scorpions
  14 killer bees
  A wight (D:7)
  2 centaur zombies
  9 jellies
  8 crimson imps
  A wasp zombie (D:13)
  A giant frog zombie (D:13)
  A giant frog skeleton (D:11)
  13 orc wizards
  2 human zombies (Ossuary)
  7 orc priests
  7 iguanas
  4 centaur skeletons
  12 hounds
  2 quasits
  17 worker ants
  13 sheep
  A big kobold zombie (Ossuary)
  A hound zombie (Ossuary)
  3 mummies (Ossuary)
  2 worker ant zombies
  Robin (D:2)
  2 gnolls (D:9)
  28 adders
  60 river rats
  6 giant mites
  12 white imps (Lair:5)
  3 worms
  4 adder zombies
  2 oozes
  53 orcs
  A ball python (D:7)
  A bat zombie (D:2)
  2 gnoll zombies (Ossuary)
  29 hobgoblins
  27 jackals
  31 kobolds
  12 quokkas
  22 bats
  9 giant cockroaches
  10 giant geckos
  5 giant newts
  A giant spore (D:13)
  22 goblins
  2 goblin zombies (Ossuary)
  3 hobgoblin zombies (Ossuary)
  A jackal skeleton (D:6)
  A jackal zombie (Ossuary)
  3 kobold zombies (Ossuary)
  2 orc zombies (Ossuary)
  5 quokka zombies (Ossuary)
  18 rats
  5 rat zombies
  6 ballistomycetes (D:10)
  A fungus (Lair:6)
868 creatures vanquished.

Vanquished Creatures (collateral kills)
  Roxanne (D:14)
  2 hydras
  An ogre mage (D:13)
  2 centaur warriors (D:13)
  A shining eye (shapeshifter) (D:15)
  A hill giant (D:10)
  3 ugly things
  2 two-headed ogres
  A slime creature (D:13)
  A deep elf mage (D:13)
  A spriggan (D:7)
  4 yaks (D:9)
  A vampire mosquito (D:13)
  2 hippogriffs
  4 wargs (D:9)
  A mottled dragon (D:13)
  An ice beast (D:10)
  2 ogres (D:10)
  2 eyes of draining (D:13)
  An orc warrior (D:9)
  4 centaurs
  A crocodile (D:10)
  3 giant frogs
  A scorpion (D:12)
  4 killer bees
  3 wights (D:7)
  A goliath beetle (D:6)
  2 orc priests (D:9)
  2 orc wizards (D:9)
  A worker ant (D:13)
  A hound (D:8)
  4 orcs
  A bat (D:8)
  A hobgoblin (D:7)
63 creatures vanquished.

Vanquished Creatures (others)
  2 water elementals (D:9)
  A vampire mosquito (D:15)
  5 spiders
  6 wasps
  10 scorpions
  11 killer bees
  13 worker ants
  A worm (D:14)
  A jackal (D:5)
  A giant spore (D:10)
  A rat (D:6)
  A butterfly (D:8)
  12 fungi
  3 plants (Lair:8)
68 creatures vanquished.

Grand Total: 999 creatures vanquished

Action                   |  1- 3 |  4- 6 |  7- 9 | 10-12 | 13-15 || total
-------------------------+-------+-------+-------+-------+-------++-------
Melee: Short sword       |   135 |   422 |  1049 |  1248 |    86 ||  2940
       Rapier            |       |       |       |       |  1542 ||  1542
 Fire: Hunting sling     |       |    30 |    40 |    42 |     5 ||   117
Invok: Heroism           |       |       |       |     2 |     1 ||     3
 Abil: Evoke Berserk Rag |       |       |       |       |     1 ||     1
Evoke: Wand              |       |       |     6 |    10 |    10 ||    26
       Rod               |       |       |    12 |    27 |     8 ||    47
       Phial of floods   |       |       |       |     2 |     1 ||     3
       Stone of tremors  |       |       |       |     1 |     1 ||     2
       Deck              |       |       |       |       |    10 ||    10
  Use: Scroll            |       |     9 |     9 |    21 |    22 ||    61
       Potion            |       |       |     2 |     8 |     2 ||    12
 Stab: Paralysed         |       |       |     2 |     2 |     2 ||     6
       Distracted        |       |       |     2 |     3 |     4 ||     9
       Fleeing           |       |       |       |       |     3 ||     3
  Eat: Chunk             |       |     9 |    20 |    32 |    53 ||   114
       Bread ration      |       |       |     1 |       |       ||     1
       Pizza             |       |       |       |     2 |       ||     2
       Royal jelly       |       |       |       |     1 |       ||     1
       Fruit             |       |       |       |       |     1 ||     1

Vault maps used:
D:1:      dpeg_arrival_windows_large_door, st_stairs_10
D:2:      fiery_altar_vehumet, lemuel_zombie_altar_kikubaaqudgha,
          lemuel_doored_altar
D:3:      grunt_dithmenos_smoke_and_mirrors, minmay_joined_circles,
          uniq_sigmund, uniq_robin
D:5:      grunt_qazlal_clouds, gup_sewer_entry_pipe,
          nicolae_ossuary_entry_ruins, first_bread, basic_altar
D:6:      old_standard_altar, amethyst_overflow_temple_binary,
          minmay_temple_entry_overgrown, lemuel_flamethrower_2
D:7:      the_bakery, minmay_misc_feat_doors, st_stairs_3
D:8:      overflow_temple_1_default
D:9:      trog_eyes_of_draining, cheibrodos_ashenzari_chains,
          erik_lair_orcish_takeover, basic_altar
D:10:     minmay_orc_entry_guard_dogs
D:11:     lightli_orcish_oven
D:13:     david_vaults_2, serial_glass, glass_columns_b, glass_columns_c,
          glass_columns_a, glass_columns_a, serial_shops,
          nicolae_shop_statue_plus
D:14:     cheibrodos_orc_bank, roderic_roman_lattice, uniq_louise, uniq_roxanne
D:15:     grunt_enter_depths_hoard, basic_altar
Temple:   minmay_temple_bridge_d_8
Lair:2:   wad_woods_antlair
Lair:3:   st_stairs_7, roderic_lost_polar_bear
Lair:4:   swamp_mist
Lair:5:   portal_ice_cave_entry_imps, grunt_megastairs_2, uniq_erica
Lair:6:   spider_nest_entry_web_field
Lair:7:   minivault_27
Lair:8:   minmay_lair_end_enchanted_forest, minmay_slime_entry_pillars
Depths:1: pf_coc_iceberg, lemuel_statue_altar, serial_bayou_lagoon_a,
          okawaru_ov_weapons_minmay
Sewer:    sewer_co_scattered_pipes
Ossuary:  minmay_ossuary_two_tombs
IceCv:    ice_cave_small_dragons
